 Dungeon Crawl Stone Soup version 0.30-a0-845-g7c6808c8ce (webtiles) character file.

Game seed: 15687210845249261219

8409 Darkkill the Fighter (level 11, -1/101 HPs)
             Began as a Minotaur Hunter on Mar 3, 2023.
             Was an Initiate of Gozag.
             Slain by an orc knight
             ... wielding a +0 morningstar
              (19 damage)
             ... on level 10 of the Dungeon.
             The game lasted 00:12:23 (9496 turns).

Darkkill the Fighter (Minotaur Hunter)              Turns: 9496, Time: 00:12:24

Health: -1/101     AC:  9    Str: 17    XL:     11   Next: 9%
Magic:  0/10       EV: 19    Int:  6    God:    Gozag
Gold:   317        SH:  0    Dex: 20    Spells: 10/10 levels left

rFire   . . .      SeeInvis .    a - +0 arbalest
rCold   x . .      Faith    .    (shield currently unavailable)
rNeg    . . .      Spirit   +    l - +2 robe of the Five Servitors {Fly rC- Dex+3 Slay+2}
rPois   .          Reflect  .    h - +2 hat of the Bear Spirit {Spirit, Bear, *Rage Will++}
rElec   .          Rampage  .    j - +0 cloak
rCorr   .          Rage     20%  (no gloves)
Will    ++...                    t - +1 pair of boots
Stlth   ++++                     (no amulet)
HPRegen 0.36/turn                (no ring)
MPRegen 0.12/turn                (no ring)

@: flying
A: horns 2, retaliatory headbutt
a: Renounce Religion, Potion Petition, Call Merchant, Bribe Branch


You were on level 10 of the Dungeon.
You worshipped Gozag.
Gozag was aware of your devotion.
You visited 3 branches of the dungeon, and saw 12 of its levels.

You collected 1508 gold pieces.
You spent 387 gold pieces at shops.
You paid 804 gold pieces to Gozag.

Inventory:

Hand Weapons
 a - a +0 arbalest (weapon)
 b - the +7 glaive of Eliyxoam {protect, rPois rN+ rCorr Dex-3}
   (You bought it in a shop on level 9 of the Dungeon)

   Dex:       It affects your dexterity (-3).
   rPois:     It protects you from poison.
   rN:        It protects you from negative energy.
   rCorr:     It protects you from acid and corrosion.
Missiles
 e - 132 stones
 f - 6 boomerangs
 g - 66 poisoned darts
 q - 3 curare-tipped darts {=f !f}
Armour
 h - the +2 hat of the Bear Spirit (worn) {Spirit, Bear, *Rage Will++}
   (You found it on level 6 of the Dungeon)

   Bear:      Going berserk makes the wearer tougher, and they're slowed less
   afterward.
   *Rage:     It berserks you when you make melee attacks (+20% chance).
   Will:      It greatly increases your willpower.
 j - a +0 cloak (worn)
 l - the +2 robe of the Five Servitors (worn) {Fly rC- Dex+3 Slay+2}
   (You found it on level 4 of the Dungeon)

   Dex:       It affects your dexterity (+3).
   Slay:      It affects your accuracy & damage with ranged weapons and melee
   (+2).
   rC:        It makes you vulnerable to cold.
   Fly:       It grants you flight.
 t - a +1 pair of boots (worn)
Wands
 c - a wand of charming (11)
 k - a wand of iceblast (12)
 w - a wand of digging (5)
 x - a wand of quicksilver (2)
 y - a wand of flame (29)
 A - a wand of mindburst (14)
Scrolls
 d - 10 scrolls of teleportation
 u - 2 scrolls of fog
 B - 2 scrolls of silence
 D - 5 scrolls of immolation
Potions
 i - 4 potions of lignification
 m - 2 potions of brilliance
 n - a potion of mutation {unknown}
 o - a potion of resistance
 p - 2 potions of ambrosia
 r - a potion of cancellation {unknown}
 s - a potion of berserk rage
 v - 2 potions of magic
 C - a potion of flight {unknown}


   Skills:
 + Level 10.6 Fighting
 + Level 10.5 Ranged Weapons
 + Level 9.7 Dodging
 + Level 7.9 Stealth


You had 10 spell levels left.
You didn't know any spells.
Your spell library contained the following spells:

 Spells                   Type           Power      Damage    Failure   Level
 Magic Dart               Conj           0%         1d3       45%         1
 Blink                    Tloc           0%         N/A       58%         2
 Call Imp                 Summ           0%         N/A       58%         2
 Ensorcelled Hibernation  Hex/Ice        0%         N/A       58%         2
 Lesser Beckoning         Tloc           0%         N/A       58%         2
 Momentum Strike          Conj/Tloc      0%         3d8       58%         2
 Passwall                 Tmut/Erth      0%         N/A       58%         2
 Mephitic Cloud           Conj/Pois/Air  0%         N/A       83%         3
 Swiftness                Air            0%         N/A       83%         3
 Animate Armour           Summ/Erth      0%         N/A       99%         4
 Blade Hands              Tmut           0%         N/A       100%        5
 Iron Shot                Conj/Erth      0%         9d1       100%        6


Dungeon Overview and Level Annotations

Branches:
Dungeon (10/15)            Temple (1/1) D:7             Orc (1/2) D:9
   Lair: D:8-11

Altars:
Ashenzari
Cheibriados
Dithmenos
Elyvilon
Fedhas
Gozag
Hepliaklqana
Kikubaaqudgha
Makhleb
Nemelex Xobeh
Okawaru
Qazlal
Ru
Sif Muna
Trog
Uskayaw
Vehumet
Wu Jian
Xom
Yredelemnul
Zin
The Shining One

Shops:
D:1 !   D:6 :   D:9 (

Annotations:
D:4 1 runed translucent door, Crazy Yiuf


Innate Abilities, Weirdness & Mutations

You have a pair of horns on your head.
You reflexively headbutt those who attack you in melee.


Message History

You shoot a bolt.
The bolt hits the orc knight but does no damage.
The orc knight is lightly wounded.
Fire: a) +0 arbalest
Press: ? - help, Q - select action, (/) - cycle Shift-Dir - straight line, f/p - orc knight
Aim: an orc knight, wielding a +0 morningstar and wearing a +0 plate armour (lightly wounded, 70% to hit)
You shoot a bolt. The bolt hits the orc knight!!
The orc knight is heavily wounded.
Fire: a) +0 arbalest
Press: ? - help, Q - select action, (/) - cycle Shift-Dir - straight line, f/p - orc knight
Aim: an orc knight, wielding a +0 morningstar and wearing a +0 plate armour (heavily wounded, 70% to hit)
You shoot a bolt.
The bolt hits the orc knight but does no damage.
The orc knight is heavily wounded.
The orc knight closely misses you. You furiously retaliate!
You headbutt the orc knight.
The orc knight drinks a potion.
The orc knight is healed!
Fire: a) +0 arbalest
Press: ? - help, Q - select action, (/) - cycle Shift-Dir - straight line, f/p - orc knight
Aim: an orc knight, wielding a +0 morningstar and wearing a +0 plate armour (lightly wounded, 70% to hit)
You shoot a bolt.
The bolt hits the orc knight but does no damage.
The orc knight is lightly wounded.
The orc knight completely misses you.
Fire: a) +0 arbalest
Press: ? - help, Q - select action, (/) - cycle Shift-Dir - straight line, f/p - orc knight
Aim: an orc knight, wielding a +0 morningstar and wearing a +0 plate armour (lightly wounded, 70% to hit)
You shoot a bolt. The bolt hits the orc knight!
The orc knight is moderately wounded.
The orc knight closely misses you. You furiously retaliate!
You headbutt the orc knight.
Fire: a) +0 arbalest
Press: ? - help, Q - select action, (/) - cycle Shift-Dir - straight line, f/p - orc knight
Aim: an orc knight, wielding a +0 morningstar and wearing a +0 plate armour (moderately wounded, 70% to hit)
You shoot a bolt. The bolt barely misses the orc knight.
The orc knight hits you with a +0 morningstar! x2
Fire: a) +0 arbalest
Press: ? - help, Q - select action, (/) - cycle Shift-Dir - straight line, f/p - orc knight
Aim: an orc knight, wielding a +0 morningstar and wearing a +0 plate armour (moderately wounded, 70% to hit)
You shoot a bolt. The bolt closely misses the orc knight.
The orc knight hits you with a +0 morningstar.
Fire: a) +0 arbalest
Press: ? - help, Q - select action, (/) - cycle Shift-Dir - straight line, f/p - orc knight
Aim: an orc knight, wielding a +0 morningstar and wearing a +0 plate armour (moderately wounded, 70% to hit)
You shoot a bolt.
The bolt hits the orc knight but does no damage.
The orc knight is moderately wounded.
The orc knight completely misses you. You furiously retaliate!
You headbutt the orc knight!
The orc knight hits you with a +0 morningstar!!
Fire: a) +0 arbalest
Press: ? - help, Q - select action, (/) - cycle Shift-Dir - straight line, f/p - orc knight
Aim: an orc knight, wielding a +0 morningstar and wearing a +0 plate armour (heavily wounded, 70% to hit)
You shoot a bolt.
The bolt completely misses the orc knight.
The orc knight hits you with a +0 morningstar.
Fire: a) +0 arbalest
Press: ? - help, Q - select action, (/) - cycle Shift-Dir - straight line, f/p - orc knight
Aim: an orc knight, wielding a +0 morningstar and wearing a +0 plate armour (heavily wounded, 70% to hit)
You shoot a bolt.
The bolt hits the orc knight but does no damage.
The orc knight is heavily wounded.
The orc knight hits you with a +0 morningstar.
You feel much better. The orc knight completely misses you.
Fire: a) +0 arbalest
Press: ? - help, Q - select action, (/) - cycle Shift-Dir - straight line, f/p - orc knight
Aim: an orc knight, wielding a +0 morningstar and wearing a +0 plate armour (heavily wounded, 70% to hit)
You shoot a bolt. The bolt closely misses the orc knight.
The orc knight hits you with a +0 morningstar!! x2
* * * LOW HITPOINT WARNING * * *
Fire: a) +0 arbalest
Press: ? - help, Q - select action, (/) - cycle Shift-Dir - straight line, f/p - orc knight
Aim: an orc knight, wielding a +0 morningstar and wearing a +0 plate armour (heavily wounded, 70% to hit)
You shoot a bolt.
The bolt hits the orc knight but does no damage.
The orc knight is heavily wounded.
The orc knight hits you with a +0 morningstar.
* * * LOW HITPOINT WARNING * * *
Fire: a) +0 arbalest
Press: ? - help, Q - select action, (/) - cycle Shift-Dir - straight line, f/p - orc knight
Aim: an orc knight, wielding a +0 morningstar and wearing a +0 plate armour (heavily wounded, 70% to hit)
Okay, then.
Aiming: Quicksilver Bolt
Press: ? - help, Q - select action, (/) - cycle Shift-Dir - straight line, f/p - orc knight
Aim: an orc knight, wielding a +0 morningstar and wearing a +0 plate armour (heavily wounded, 71% to hit)
The bolt of dispelling energy hits the orc knight!
The orc knight is severely wounded.
The orc knight closely misses you.
Fire: a) +0 arbalest
Press: ? - help, Q - select action, (/) - cycle Shift-Dir - straight line, f/p - orc knight
Aim: an orc knight, wielding a +0 morningstar and wearing a +0 plate armour (severely wounded, 70% to hit)
Okay, then.
Aiming: Quicksilver Bolt
Press: ? - help, Q - select action, (/) - cycle Shift-Dir - straight line, f/p - orc knight
Aim: an orc knight, wielding a +0 morningstar and wearing a +0 plate armour (severely wounded, 71% to hit)
The bolt of dispelling energy hits the orc knight!
The orc knight is almost dead.
The orc knight hits you with a +0 morningstar!!
You die...
Your body crumbles into a pile of gold.

..#... .#...
#...#..# #$..#..#
#...#..# #...#..#
#..)#..# #...#..#
#@..#..#
#.o#.....###########
#?.#...............#
##.#...............#
.##...............#
.#.#..............#
.#.##..............#
#.# #..............#
.# #..............#


You could see an orc knight.

Vanquished Creatures
  An ettin (Orc:1)
  Erica (D:9)
  A two-headed ogre (D:9)
  Pikel (D:7)
  Joseph (D:7)
  Maggie (D:7)
  A kobold demonologist (D:8)
  A troll (D:10)
  A wyvern (D:10)
  A yak (D:10)
  2 steam dragons
  An acid dragon (D:9)
  10 orc warriors
  A sky beast (D:6)
  An ice beast (D:5)
  2 black bears
  An ogre (D:7)
  4 centaurs
  2 phantoms
  A lemure (D:7)
  13 kobold brigands
  A bullfrog (D:9)
  5 scorpions
  2 gnoll sergeants
  4 howler monkeys
  6 hounds
  5 orc priests
  3 sleepcaps
  Jessica (D:2)
  2 iguanas
  8 orc wizards
  12 gnolls
  11 adders
  A shadow imp (D:8)
  2 ufetubi
  2 worms
  4 dart slugs
  38 orcs
  5 bats
  3 endoplasms
  4 giant cockroaches (D:1)
  10 goblins
  5 hobgoblins
  A jackal (D:3)
  7 quokkas
  4 ball pythons
  3 frilled lizards
  23 kobolds
  22 rats
242 creatures vanquished.

Vanquished Creatures (others)
  2 plants (D:5)
2 creatures vanquished.

Grand Total: 244 creatures vanquished

Notes
Turn   | Place    | Note
-------+----------+-------------------------------------------
     0 | D:1      | Darkkill the Minotaur Hunter began the quest for the Orb.
     0 | D:1      | Reached XP level 1. HP: 18/18 MP: 0/0
   158 | D:1      | Reached skill level 1 in Stealth
   161 | D:1      | Reached XP level 2. HP: 13/25 MP: 1/1
   221 | D:1      | Found Somposiu's Distillery.
   508 | D:1      | Reached XP level 3. HP: 22/31 MP: 2/2
   819 | D:1      | Bought a potion of curing for 42 gold pieces
  1098 | D:2      | Noticed Jessica
  1099 | D:2      | Killed Jessica
  1100 | D:2      | Reached XP level 4. HP: 38/38 MP: 3/3
  1490 | D:2      | Reached skill level 5 in Ranged Weapons
  1806 | D:3      | Found a hide-covered altar of Uskayaw.
  2000 | D:3      | Reached XP level 5. HP: 46/46 MP: 4/4
  2239 | D:4      | Identified the +2 robe of the Five Servitors {Fly rC- Dex+3
                  | Slay+2}
  2318 | D:4      | Noticed a phantom
  2326 | D:4      | Killed a phantom
  2367 | D:4      | Reached XP level 6. HP: 53/53 MP: 5/5
  2545 | D:4      | Reached skill level 5 in Fighting
  2545 | D:4      | Reached XP level 7. HP: 51/61 MP: 6/6
  2586 | D:4      | HP: 12/61 [something/magic dart (3)]
  3004 | D:4      | Found a runed translucent door.
  3005 | D:4      | Noticed Crazy Yiuf
  3114 | D:5      | Entered Level 5 of the Dungeon
  3114 | D:5      | Found a hazy altar of Hepliaklqana.
  3126 | D:5      | HP: 10/61 [orc priest/+0 whip of electrocution (18)]
  3210 | D:4      | Reached skill level 5 in Dodging
  3287 | D:5      | HP: 11/62 [ice beast (21)]
  3480 | D:5      | Reached XP level 8. HP: 70/70 MP: 7/7
  4484 | D:6      | Found a large runed translucent door.
  4484 | D:6      | Found the +2 hat of the Bear Spirit {Spirit, Bear, *Rage
                  | Will++}
  4487 | D:6      | Found a large runed translucent door.
  4510 | D:6      | Found an opulent altar of Gozag.
  4521 | D:6      | You are sucked into a shaft and drop 1 floor!
  4529 | D:7      | Noticed Pikel
  4539 | D:7      | Killed Pikel
  4540 | D:7      | Reached skill level 5 in Stealth
  4715 | D:7      | HP: 9/73 [orc warrior/+0 mace (10)]
  4934 | D:6      | Found Pofuniuj's Book Emporium.
  5072 | D:6      | Reached XP level 9. HP: 79/79 MP: 8/8
  5131 | D:6      | Became a worshipper of Gozag Ym Sagoz the Greedy
  5671 | D:6      | Found a radiant altar of Vehumet.
  5679 | D:6      | Found an ornate altar of the Wu Jian Council.
  5745 | D:7      | Noticed Maggie
  5763 | D:7      | Killed Maggie
  5943 | D:7      | Found a staircase to the Ecumenical Temple.
  5970 | D:7      | Identified the +2 short sword "Aggi" {heavy, rPois Will-
                  | Str+7}
  6185 | D:7      | Noticed Joseph
  6196 | D:7      | Killed Joseph
  6351 | Temple   | Entered the Ecumenical Temple
  6978 | D:8      | Found a sacrificial altar of Ru.
  7145 | D:8      | Noticed a kobold demonologist
  7164 | D:8      | Killed a kobold demonologist
  7169 | D:8      | Reached XP level 10. HP: 78/91 MP: 7/9
  7845 | D:9      | Noticed a two-headed ogre
  7854 | D:9      | Killed a two-headed ogre
  8038 | D:9      | Found a staircase to the Orcish Mines.
  8134 | D:9      | Bought a scorched glaive for 345 gold pieces
  8134 | D:9      | Identified the +7 glaive of Eliyxoam {protect, rPois rN+
                  | rCorr Dex-3} (You bought it in a shop on level 9 of the
                  | Dungeon)
  8238 | D:9      | Noticed Erica
  8249 | D:9      | Killed Erica
  8250 | D:9      | Reached skill level 10 in Fighting
  8250 | D:9      | Reached skill level 10 in Ranged Weapons
  8774 | D:9      | Found a glowing golden altar of the Shining One.
  8774 | D:9      | Found a glowing silver altar of Zin.
  9109 | Orc:1    | Entered Level 1 of the Orcish Mines
  9158 | Orc:1    | Noticed an ettin
  9164 | Orc:1    | Killed an ettin
  9179 | Orc:1    | Noticed an orc high priest
  9183 | Orc:1    | Noticed an orc knight
  9183 | Orc:1    | Noticed an orc knight
  9185 | Orc:1    | Noticed an orange demon
  9357 | D:10     | Entered Level 10 of the Dungeon
  9380 | D:10     | Reached XP level 11. HP: 93/101 MP: 8/10
  9479 | D:10     | Noticed an orc knight
  9494 | D:10     | HP: 18/101 [orc knight/+0 morningstar (6)]
  9496 | D:10     | Slain by an orc knight

Illustrated notes

Levels and vault maps discovered:
D:1:      matt_arrival_refuge, layout_basic, serial_shops,
          nicolae_shop_advertising_works [nicolae_subvault_shop_adworks]
D:2:      layout_loops_ring, minmay_door_square, minmay_rat_hole, uniq_jessica
D:3:      kennysheep_big_flooded_room, layout_basic,
          mainiacjoe_overflow_concentric_impassable
D:4:      layout_rooms, kennysheep_diamond, grunt_ministairs_6,
          uniq_crazy_yiuf_cottage
D:5:      layout_basic, nicolae_hepliaklqana_hazy_memory
D:6:      layout_loops_cross, mainiacjoe_overflow_paths, jmf_multi_god_temple2,
          serial_shops, shop, hangedman_decor_push
D:7:      layout_rooms, minmay_temple_entry_ruins, uniq_maggie, uniq_pikel,
          uniq_joseph
D:8:      layout_basic, hangedman_ru_absence, special_room [special_room_kobold]
D:9:      layout_basic, gammafunk_temple_overflow_statue, david_orc_3,
          uniq_erica
D:10:     minmay_ornate_pinched, layout_small_grid, hangedman_incinerator
Temple:   eino_temple_water
Orc:1:    layout_diamond_mine, nooodl_orcs_dogs

Skill      XL: |  1  2  3  4  5  6  7  8  9 10 |
---------------+-------------------------------+-----
Stealth        | 1 2 3 4 5 6 7 |  7.9
Fighting       | 3 4 5 6 7 9 10 | 10.6
Dodging        | 3 4 5 6 8 9 |  9.7
Ranged Weapons | 5 6 7 9 10 | 10.5

Action                     |  1- 3 |  4- 6 |  7- 9 | 10-12 || total
---------------------------+-------+-------+-------+-------++-------
  Melee: Shortbow          |       |       |     3 |       ||     3
         Headbutt          |       |       |     1 |       ||     1
   Fire: Shortbow          |   106 |   120 |   348 |   135 ||   709
         Arbalest          |       |       |       |    72 ||    72
 Invoke: Call Merchant     |       |       |       |     1 ||     1
  Evoke: Wand              |       |       |       |     2 ||     2
    Use: Scroll            |     6 |     3 |    13 |     2 ||    24
         Potion            |       |       |     6 |     1 ||     7
 Armour: Leather armour    |     6 |     7 |       |       ||    13
         Robe              |       |    12 |    36 |    13 ||    61
  Dodge: Dodged            |    28 |    67 |   142 |    91 ||   328

Table legend: (Time is in decaauts)
 A = Elapsed time spent in this place.
 B = Non-inter-level travel time spent in this place.
 C = Inter-level travel time spent in this place.
 D = Time resting spent in this place.
 E = Time spent auto-exploring this place.
 F = Levels seen in this place.
 G = Mean time per level.
                   A        B        C        D        E       F      G
               +--------+--------+--------+--------+--------+-----+--------+
         Total |   9650 |   9234 |    416 |    620 |   7113 |  12 |  804.2 |
       Dungeon |   9328 |   8926 |    402 |    620 |   6866 |  10 |  932.8 |
        Temple |    218 |    204 |     14 |      0 |    193 |   1 |  218.0 |
  Orcish Mines |    103 |    103 |      0 |      0 |     54 |   1 |  103.0 |
               +--------+--------+--------+--------+--------+-----+--------+

Top non-repeatable levels by time:
     D:9: 1611 daAuts
     D:5: 1274 daAuts
     D:8: 1087 daAuts
     D:7: 1071 daAuts
     D:4: 993 daAuts
     D:1: 857 daAuts
     D:6: 856 daAuts
     D:2: 754 daAuts
     D:3: 669 daAuts
  Temple: 218 daAuts
    D:10: 152 daAuts
   Orc:1: 103 daAuts

Table legend:
 A = Kills in this place as a percentage of kills in the entire game.
 B = Kills by you in this place as a percentage of kills by you in the entire game.
 C = Kills by friends in this place as a percentage of kills by friends in the entire game.
 D = Other kills in this place as a percentage of other kills in the entire game.
 E = Experience gained in this place as a percentage of experience gained in the entire game.
 F = Experience gained in this place divided by the number of levels of this place that you have seen.
                   A       B       C       D       E      F
               +-------+-------+-------+-------+-------+----------------------
         Total | 100.0 | 100.0 |   N/A |   N/A | 100.0 | 1001.2
       Dungeon |  96.7 |  96.7 |   N/A |   N/A |  88.9 | 1068.1
  Orcish Mines |   3.3 |   3.3 |   N/A |   N/A |  11.1 | 1333.0
               +-------+-------+-------+-------+-------+----------------------
